 Dungeon Crawl Stone Soup version 0.23-a0-405-g368ce007a8 (webtiles) character file.

13629 Nixze the Destroyer (level 11, -1/97 HPs)
             Began as a Red Draconian Fire Elementalist on Nov 6, 2018.
             Was a High Priest of Vehumet.
             Killed from afar by Frances (46 damage)
             ... with a shard of ice
             ... on level 12 of the Dungeon.
             The game lasted 00:49:48 (17193 turns).

Nixze the Destroyer (DrFE)                         Turns: 17193, Time: 00:49:49

Health: -1/97      AC:  9    Str: 12      XL:     11   Next: 78%
Magic:  4/21       EV: 12    Int: 18 (21) God:    Vehumet [*****.]
Gold:   604        SH:  4    Dex: 11      Spells: 3/24 levels left

rFire    + . .     SeeInvis +   C - staff of wizardry
rCold    . . .     Gourm    .   o - +0 buckler {reflect}
rNeg     . . .     Faith    +   (armour unavailable)
rPois    +         Spirit   .   v - +1 hat "Joinem" {MR- rCorr Int+3 SInv}
rElec    .         Reflect  +   l - scarf {cloud immunity}
rCorr    +         Harm     .   g - +0 pair of gloves
MR       .....                  (no boots)
Stlth    ++........             w - amulet of faith
HPRegen  0.26/turn              p - ring of resist corrosion
MPRegen  0.17/turn              I - ring of poison resistance

@: short of breath
A: breathe fire, unfitting armour, fire resistance 1, cold-blooded, AC +7
a: Breathe Fire, Renounce Religion


You were on level 12 of the Dungeon.
You worshipped Vehumet.
Vehumet was extremely pleased with you.
You were hungry.

You visited 1 branch of the dungeon, and saw 12 of its levels.
You also visited: Sewer.

You collected 700 gold pieces.
You spent 96 gold pieces at shops.

Inventory:

Hand Weapons
 m - the +3 hand axe of Poesmul {pain, rF+ MR+}
   (You found it on level 4 of the Dungeon)

   In the hands of one skilled in necromantic magic, it inflicts extra damage on
   living creatures.
   It protects you from fire.
   It affects your resistance to hostile enchantments.
Missiles
 y - 28 tomahawks (quivered)
Armour
 g - a +0 pair of gloves (worn)
 l - a scarf of cloud immunity (worn)
 o - a +0 buckler of reflection (worn)
 v - the +1 hat "Joinem" (worn) {MR- rCorr Int+3 SInv}
   (You found it on level 7 of the Dungeon)

   It affects your intelligence (+3).
   It affects your resistance to hostile enchantments.
   It lets you see invisible.
   It provides partial protection from all sources of acid and corrosion.
Magical Staves
 C - an uncursed staff of wizardry (weapon)
 D - an uncursed staff of poison
 N - an uncursed staff of death
Jewellery
 p - a ring of resist corrosion (left hand)
 w - an amulet of faith (around neck)
 H - an uncursed ring of flight
 I - a ring of poison resistance (right hand)
 L - an uncursed ring of protection from fire {unknown}
Wands
 q - a wand of polymorph (7)
 s - a wand of flame (42)
 x - a wand of scattershot (4)
 A - a wand of acid (16)
 B - a wand of clouds (5)
 F - a wand of digging (11)
Scrolls
 a - 13 scrolls of identify
 f - 6 scrolls of teleportation
 i - a scroll of fog
 j - 3 scrolls of fear
 k - 5 scrolls of remove curse
 u - 2 scrolls of enchant armour {unknown}
 E - 4 scrolls of enchant weapon {unknown}
 J - a scroll of magic mapping {unknown}
 K - 2 scrolls of blinking {unknown}
Potions
 c - 5 potions of curing
 d - 2 potions of lignification
 e - a potion of resistance
 h - 2 potions of haste
 n - a potion of ambrosia
 r - 3 potions of heal wounds
 t - 2 potions of mutation
 z - a potion of agility
 G - a potion of cancellation {unknown}
Comestibles
 b - 20 rations
 M - a chunk of flesh


   Skills:
 + Level 9.5 Fighting
 - Level 1.7 Dodging
 - Level 1.7 Stealth
 - Level 4.1 Shields
 + Level 7.3 Spellcasting
 * Level 10.5 Conjurations
 * Level 6.0 Charms
 + Level 9.8 Fire Magic
   Level 1.3 Poison Magic


You had 3 spell levels left.
You knew the following spells:

 Your Spells              Type           Power        Failure   Level  Hunger
a - Flame Tongue          Conj/Fire      #####        1%          1    None
b - Throw Flame           Conj/Fire      #####.       1%          2    None
c - Conjure Flame         Conj/Fire      #####...     1%          3    #......
d - Magic Dart            Conj           ####         1%          1    None
e - Sticky Flame          Conj/Fire      #####...     1%          4    ###....
f - Iskenderun's Battles  Conj/Chrm      #####...     1%          5    #####..
g - Irradiate             Conj/Tmut      ####......   4%          5    #####..

Your spell library contained the following spells:

 Spells                   Type           Power        Failure   Level  Hunger
 Conjure Ball Lightning   Conj/Air       ####......   19%         6    ######.
 Inner Flame              Hex/Fire       ###.....     1%          3    #......
 Mephitic Cloud           Conj/Pois/Air  ###.....     1%          3    #......
 Blink                    Tloc           N/A          6%          2    None
 Call Imp                 Summ           #.......     6%          2    None
 Slow                     Hex            #.......     6%          2    None
 Fireball                 Conj/Fire      #####.....   1%          5    #####..
 Bolt of Magma            Conj/Fire/Erth ####......   2%          5    #####..
 Venom Bolt               Conj/Pois      ####......   3%          5    #####..
 Orb of Destruction       Conj           #####.....   13%         7    #######
 Iron Shot                Conj/Erth      ####......   19%         6    ######.
 Spellforged Servitor     Conj/Summ      ####......   63%         7    #######


Dungeon Overview and Level Annotations

Branches:
Dungeon (12/15)            Temple (0/1) D:4            Lair (0/6) D:8
    Orc (0/2) D:11

Altars:
Ashenzari
Dithmenos
Hepliaklqana
Makhleb
Ru
Trog
Vehumet
Yredelemnul

Shops:
D:8 *   D:9 ?

Annotations:
D:11 3 runed doors, exclusion: 3 doors, Notair's ghost, journeyman MiGl
D:12 Fannar; Frances


Innate Abilities, Weirdness & Mutations

You can breathe blasts of fire.
Your fiery red scales are hard. (AC +7)
You cannot fit into any form of body armour.
Your flesh is heat resistant. (rF+)
You are cold-blooded and may be slowed by cold attacks.


Message History

The flame tongue hits Frances.
Frances is heavily wounded.
Your battlesphere fires!
The barrage of energy hits Frances.
Frances is severely wounded.
Frances hits you with a +2 war axe of chopping.
Frances hits your battlesphere with a +2 war axe of chopping!!
Your battlesphere is destroyed!
The chaos spawn is engulfed in blazing flames.
Casting: Flame Tongue (safe; 1% risk of failure)
Confirm with . or Enter, or press ? or * to list all spells.
Aiming: Sticky Flame (safe; 1% risk of failure)
Press: ? - help, Shift-Dir - straight line, f/p - Frances
Aim: Frances, wielding a +2 war axe of chopping and wearing a +0 leather armour The sticky flame hits Frances.
Frances is severely wounded.
Frances is covered in liquid flames!
Frances burns!
Frances mutters in a terrible tongue.
The shard of ice hits you!
You die...

##########
#.ยงยง..35..
#4# #@# #@#
#.# #.# #.#
#.# #.# #.#
#.# #.#


You could see Frances (burning) and a chaos spawn.

Vanquished Creatures
  3 two-headed ogres
  Pikel (D:6)
  A cyclops (D:11)
  An ugly thing (D:10)
  2 trolls
  2 hippogriffs (D:11)
  3 hogs (D:7)
  A wyvern (D:12)
  A human (D:7)
  A water elemental (D:12)
  2 yaks
  Grum (D:8)
  2 hungry ghosts (D:11)
  A steam dragon (D:8)
  A warg (D:11)
  Duvessa (D:4)
  A porcupine (D:8)
  4 orc warriors
  4 ice beasts
  2 slaves
  5 necrophages
  3 phantoms
  4 sky beasts
  2 black bears (D:8)
  A wolf (D:8)
  2 ogres
  3 centaurs
  A crocodile (D:9)
  9 bullfrogs
  4 big kobolds
  2 gnoll sergeants (D:8)
  A wyvern skeleton (D:7)
  An elf skeleton (D:8)
  Dowan (D:4)
  3 scorpions
  15 killer bees
  4 wights (D:9)
  4 howler monkeys
  5 electric eels
  4 crimson imps
  3 bullfrog zombies
  3 gnoll shamans (D:8)
  4 human zombies (D:8)
  6 orc priests
  A bullfrog skeleton (D:8)
  13 hounds
  A jelly (D:11)
  3 orc wizards
  4 centaur skeletons
  Natasha (thrice) (D:3)
  5 iguanas
  A human skeleton (D:8)
  6 worker ants
  A hound zombie (D:6)
  2 mummies (D:8)
  A worker ant zombie (D:9)
  29 gnolls
  17 adders
  A river rat (Sewer)
  2 shadow imps (D:9)
  7 oozes
  An adder zombie (D:7)
  3 worms
  2 dart slugs
  5 leopard geckos
  32 orcs
  8 bats
  8 giant cockroaches
  9 goblins
  6 hobgoblins
  20 jackals
  5 quokkas
  12 ball pythons
  3 frilled lizards
  17 kobolds
  An orc zombie (D:8)
  2 quokka skeletons
  9 rats
365 creatures vanquished.

Vanquished Creatures (others)
  A killer bee (D:10)
  An orc priest (D:10)
  3 orcs (D:10)
  8 fungi (D:8)
13 creatures vanquished.

Grand Total: 378 creatures vanquished

Notes
Turn   | Place    | Note
-------+----------+-------------------------------------------
     0 | D:1      | Nixze the Draconian Fire Elementalist began the quest for
                  | the Orb.
     0 | D:1      | Reached XP level 1. HP: 14/14 MP: 3/3
   170 | D:1      | Reached XP level 2. HP: 14/20 MP: 0/5
   598 | D:1      | Reached skill level 2 in Conjurations
  1123 | D:1      | Reached XP level 3. HP: 26/26 MP: 1/6
  1726 | D:2      | Found a hazy altar of Hepliaklqana.
  1962 | D:2      | Learned a level 2 spell: Throw Flame
  1966 | D:2      | Learned a level 3 spell: Conjure Flame
  2058 | D:2      | Reached XP level 4. HP: 32/33 MP: 0/7
  2556 | D:3      | Found a glowing drain.
  2685 | D:3      | Reached skill level 3 in Conjurations
  2709 | D:3      | Noticed a bullfrog
  2725 | D:3      | Killed a bullfrog
  2725 | D:3      | Reached skill level 1 in Shields
  2725 | D:3      | Reached XP level 5. HP: 26/38 MP: 0/8
  2796 | Sewer    | Entered a sewer
  3267 | Sewer    | Reached XP level 6. HP: 45/45 MP: 5/9
  3378 | Sewer    | Reached skill level 4 in Conjurations
  3378 | Sewer    | Reached skill level 5 in Fire Magic
  3789 | D:3      | Found a sacrificial altar of Ru.
  4408 | D:3      | Noticed Natasha
  4422 | D:3      | Killed Natasha
  4569 | D:3      | Learned a level 1 spell: Magic Dart
  4638 | D:3      | Noticed Natasha
  4648 | D:3      | Killed Natasha
  4666 | D:3      | Noticed Natasha
  4733 | D:3      | Killed Natasha
  4854 | D:3      | Your scales start taking on a fiery red colour.
  4854 | D:3      | Reached XP level 7. HP: 50/50 MP: 4/10
  4854 | D:3      | Gained mutation: Your flesh is heat resistant. (rF+) [Red
                  | Draconian growth]
  5107 | D:3      | Found a radiant altar of Vehumet.
  5108 | D:3      | Found a shattered altar of Ashenzari.
  5112 | D:3      | Became a worshipper of Vehumet
  5306 | D:4      | Found a staircase to the Ecumenical Temple.
  5311 | D:4      | Got a smoking hand axe
  5397 | D:4      | Identified the +3 hand axe of Poesmul {pain, rF+ MR+} (You
                  | found it on level 4 of the Dungeon)
  5527 | D:4      | Noticed Dowan
  5527 | D:4      | Noticed Duvessa
  5904 | D:4      | Killed Dowan
  6503 | D:4      | Killed Duvessa
  6503 | D:4      | Reached skill level 5 in Conjurations
  6525 | D:5      | Entered Level 5 of the Dungeon
  6838 | D:5      | Reached skill level 6 in Conjurations
  6838 | D:5      | Reached XP level 8. HP: 57/57 MP: 7/11
  7497 | D:6      | Noticed Pikel
  7659 | D:6      | Killed Pikel
  7659 | D:6      | Reached skill level 7 in Conjurations
  7677 | D:6      | Reached * piety under Vehumet
  7677 | D:6      | Offered knowledge of Shock by Vehumet.
  7810 | D:6      | Found a shadowy altar of Dithmenos.
  8155 | D:6      | Learned a level 4 spell: Sticky Flame
  8411 | D:7      | Reached XP level 9. HP: 72/72 MP: 8/15
  8509 | D:6      | Reached skill level 5 in Fighting
  8895 | D:7      | Reached skill level 5 in Spellcasting
  8994 | D:7      | Got a dazzling hat
  9005 | D:7      | Identified the +1 hat "Joinem" {MR- rCorr Int+3 SInv} (You
                  | found it on level 7 of the Dungeon)
  9331 | D:7      | Offered knowledge of Sandblast by Vehumet.
  9381 | D:7      | Found a burning altar of Makhleb.
  9381 | D:7      | Noticed a balrug
  9406 | D:7      | Noticed a smoke demon
  9445 | D:8      | Reached ** piety under Vehumet
  9591 | D:7      | Reached skill level 8 in Conjurations
  9948 | D:8      | Reached XP level 10. HP: 87/87 MP: 4/18
 10039 | D:8      | Found a basalt altar of Yredelemnul.
 10256 | D:8      | Found Wanithoh's General Store.
 10264 | D:8      | Offered knowledge of Dazzling Spray by Vehumet.
 10271 | D:8      | Learned a level 5 spell: Iskenderun's Battlesphere
 10446 | D:8      | Reached *** piety under Vehumet
 10446 | D:8      | Reached skill level 1 in Charms
 10823 | D:8      | Offered knowledge of Olgreb's Toxic Radiance by Vehumet.
 10834 | D:8      | Learned a level 4 spell: Olgreb's Toxic Radiance
 10838 | D:8      | Found a staircase to the Lair.
 11174 | D:8      | Noticed Grum
 11179 | D:8      | Killed Grum
 11396 | D:8      | Reached skill level 1 in Poison Magic
 11556 | D:8      | Reached **** piety under Vehumet
 12098 | D:9      | Offered knowledge of Irradiate by Vehumet.
 12098 | D:9      | Reached skill level 9 in Conjurations
 12106 | D:9      | Learned a level 5 spell: Irradiate
 12416 | D:9      | Noticed a two-headed ogre
 12430 | D:9      | Killed a two-headed ogre
 12996 | D:9      | Found Teusae's Magic Scroll Shoppe.
 13008 | D:9      | Bought 3 scrolls of identify for 96 gold pieces
 13219 | D:10     | Entered Level 10 of the Dungeon
 13237 | D:10     | Noticed a two-headed ogre
 13239 | D:10     | Reached XP level 11. HP: 90/94 MP: 16/20
 13254 | D:10     | Killed a two-headed ogre
 14047 | D:10     | Reached ***** piety under Vehumet
 14104 | D:10     | Offered knowledge of Conjure Ball Lightning by Vehumet.
 14393 | D:11     | Found a bloodstained altar of Trog.
 14940 | D:11     | Noticed a cyan ugly thing
 15021 | D:10     | Killed a cyan ugly thing
 15295 | D:11     | Noticed a two-headed ogre
 15303 | D:11     | Killed a two-headed ogre
 15303 | D:11     | Reached skill level 10 in Conjurations
 15303 | D:11     | Reached skill level 5 in Charms
 15907 | D:11     | Found a runed gate.
 15907 | D:11     | Found a runed gate.
 15907 | D:11     | Found a runed gate.
 16100 | D:11     | Found a staircase to the Orcish Mines.
 16253 | D:11     | Noticed Notair's ghost (journeyman MiGl)
 16698 | D:12     | Noticed Fannar
 17180 | D:12     | Noticed Frances
 17193 | D:12     | Killed from afar by Frances

Vault maps used:
D:1:      onia_arrival_handbag, chequers_jeans, kennysheep_small_spiral,
          roderic_three_in_a_row
D:2:      minmay_door_path, overflow_temple_1_default
D:3:      nicolae_ru_great_annihilating_truth, gammafunk_temple_overflow_statue,
          cheibrodos_sewer_entry_drain, first_ration, eino_tiny_chamber,
          st_stairs_6, uniq_natasha
D:4:      temple_statues, minmay_misc_feat_square, uniq_duvessa
D:6:      kennysheep_mini, serial_park_tiny_pond,
          corexii_item_surrounded_by_moat, uniq_pikel
D:7:      makhleb_altar_promises_db, grunt_livestock, minmay_misc_feat_x
D:8:      lemuel_mausoleum_altar_yredelemnul, due_lair_maze_entry_diamond,
          serial_shops, shop_statue, serial_gnoll_camp, gnoll_camp_huts_moat,
          gnoll_camp_mini_hut, grums_kennel, gnoll_camp_mini_loothouse,
          gnoll_camp_mini_basic, uniq_grum
D:9:      serial_shops, shop
D:10:     lemuel_flamethrower_2
D:11:     erik_orc_3, gammafunk_ghost_nasty_kobolds, basic_altar
D:12:     serial_shops, shop, uniq_fannar, uniq_frances, uniq_gastronok
Sewer:    sewer_co_tree

Skill      XL: |  1  2  3  4  5  6  7  8  9 10 11 |
---------------+----------------------------------+-----
Conjurations   | 2 3 4 6 7 8 9 10 | 10.5
Fire Magic     | 4 6 7 9 |  9.8
Shields        | 1 2 3 4 |  4.1
Fighting       | 4 7 8 9 |  9.5
Spellcasting   | 4 5 6 7 |  7.3
Charms         | 4 6 |  6.0
Poison Magic   | 1 |  1.3
Dodging        | |  1.7
Stealth        | |  1.7

Action                   |  1- 3 |  4- 6 |  7- 9 | 10-12 || total
-------------------------+-------+-------+-------+-------++-------
Melee: Unarmed           |     8 |       |       |       ||     8
       Club              |    22 |    11 |       |       ||    33
       Tailslap          |     1 |     1 |     1 |     2 ||     5
       Hand axe          |       |       |    34 |     5 ||    39
       Staff             |       |       |       |     8 ||     8
 Cast: Flame Tongue      |    78 |    59 |   192 |   388 ||   717
       Throw Flame       |     1 |    53 |    35 |     7 ||    96
       Magic Dart        |       |    10 |    72 |   129 ||   211
       Conjure Flame     |       |     2 |     2 |     6 ||    10
       Sticky Flame      |       |       |     7 |    61 ||    68
       Iskenderun's Batt |       |       |       |     5 ||     5
       Olgreb's Toxic Ra |       |       |       |     3 ||     3
 Abil: Breathe Fire      |       |       |    16 |     8 ||    24
       Evoke Flight      |       |       |       |     2 ||     2
  Use: Scroll            |       |     5 |    10 |     1 ||    16
       Potion            |       |       |     1 |     1 ||     2
  Eat: Chunk             |     5 |    13 |    12 |    27 ||    57
       Ration            |       |       |     4 |     1 ||     5
Armor: Skin              |    23 |    11 |    41 |    72 ||   147
Dodge: Dodged            |    43 |    12 |    61 |   130 ||   246
Block: Buckler           |       |    10 |    24 |    40 ||    74
       Reflection        |       |       |     1 |     3 ||     4

Table legend:
 A = Non-vault XP
 B = Vault XP
 C = Vault XP percentage of total XP
 D = Non-vault monster count
 E = Vault monster count
 F = Vault count percentage of total count
                 A         B        C        D         E       F
            +---------+---------+-------+---------+---------+-------
      Total |   13602 |    5869 |  30.1 |     238 |     125 |  34.4
            +---------+---------+-------+---------+---------+-------
        D:1 |      42 |      10 |  19.2 |      22 |       4 |  15.4
        D:2 |      49 |       7 |  12.5 |      13 |       3 |  18.8
        D:3 |     246 |      82 |  25.0 |      31 |       7 |  18.4
        D:4 |     157 |     219 |  58.2 |      13 |       2 |  13.3
        D:5 |     447 |       0 |   0.0 |      11 |       0 |   0.0
        D:6 |     585 |     641 |  52.3 |      11 |       1 |   8.3
        D:7 |     803 |    1136 |  58.6 |      26 |       7 |  21.2
        D:8 |     729 |    2835 |  79.5 |      18 |      59 |  76.6
        D:9 |    2481 |       0 |   0.0 |      31 |       0 |   0.0
       D:10 |    2655 |       0 |   0.0 |      23 |       0 |   0.0
       D:11 |    4243 |     619 |  12.7 |      26 |      14 |  35.0
       D:12 |    1165 |       0 |   0.0 |      13 |       0 |   0.0
      Sewer |       0 |     320 | 100.0 |       0 |      28 | 100.0
            +---------+---------+-------+---------+---------+-------
